[Event "23rd ETCC Open 2021"]
[Site "Catez"]
[Date "2021.11.21"]
[Round "9.63"]
[White "Blagojevic, Dragisa"]
[Black "Lazov, Toni"]
[Result "1-0"]
[ECO "E11"]
[WhiteElo "2467"]
[BlackElo "2393"]
[Annotator "ChessBase"]
[PlyCount "111"]
[EventDate "2021.11.08"]
[EventType "team-tourn"]
[EventCountry "SLO"]
[SourceTitle "playchess.com"]
[Source "ChessBase"]
[SourceQuality "1"]
[WhiteTeam "Montenegro"]
[BlackTeam "Macedonia"]
[WhiteTeamCountry "MNE"]
[BlackTeamCountry "MKD"]
[TimeControl "40/5400+30:1800+30"]

1. d4 Nf6 2. Nf3 e6 3. c4 Bb4+ 4. Bd2 Qe7 5. g3 Nc6 6. Nc3 Bxc3 7. Bxc3 Ne4 8.
Qc2 Nxc3 9. Qxc3 O-O 10. Bg2 d6 11. d5 Nb8 12. dxe6 fxe6 13. Nd4 e5 14. Nc2 Nc6
15. Rd1 Bg4 16. Rd2 Rae8 17. O-O Kh8 18. b4 e4 19. Ne3 Qg5 20. b5 Nd8 21. Qd4
b6 22. Bxe4 Bh3 23. Bg2 Bxg2 24. Kxg2 Ne6 25. Qg4 Qh6 26. Rd5 g6 27. h4 Qg7 28.
h5 gxh5 29. Qxg7+ Nxg7 30. Rfd1 h4 31. g4 Ne6 32. Rf5 Rxf5 33. Nxf5 Nf4+ 34.
Kf3 Nxe2 35. Nxh4 Nc3 36. Rd3 Ne4 37. Nf5 h5 38. gxh5 Re5 39. Kf4 Nxf2 40. Re3
Kh7 41. Rxe5 Nd3+ 42. Ke4 Nxe5 43. Kd5 Kh8 44. Nd4 Kh7 45. Ne6 Kh6 46. Nxc7
Kxh5 47. Ne8 Kg5 48. Nxd6 Kf4 49. Nc8 Nd3 50. Nxa7 Nb4+ 51. Kd4 Nxa2 52. Nc8
Kf5 53. Nxb6 Ke6 54. c5 Ke7 55. c6 Kd6 56. Nc4+ 1-0

[Event "23rd ETCC Open 2021"]
[Site "Catez"]
[Date "2021.11.21"]
[Round "9.64"]
[White "Risteski, Emil"]
[Black "Potpara, Nikola"]
[Result "1-0"]
[ECO "C26"]
[WhiteElo "2315"]
[BlackElo "2374"]
[Annotator "NA"]
[PlyCount "87"]
[EventDate "2021.11.08"]
[EventType "team-tourn"]
[EventCountry "SLO"]
[SourceTitle "playchess.com"]
[Source "ChessBase"]
[SourceQuality "1"]
[WhiteTeam "Macedonia"]
[BlackTeam "Montenegro"]
[WhiteTeamCountry "MKD"]
[BlackTeamCountry "MNE"]
[TimeControl "40/5400+30:1800+30"]

1. e4 e5 2. Nf3 Nc6 3. Nc3 Nf6 4. g3 Bc5 5. Bg2 d6 6. O-O a6 7. d3 Be6 8. h3 h6
9. Kh2 Qd7 10. Nd2 h5 11. Nd5 Bxd5 12. exd5 Ne7 13. Ne4 Nxe4 14. dxe4 h4 15. g4
Ng6 16. Qf3 Qe7 17. c3 c6 18. b4 Bb6 19. dxc6 bxc6 20. Rd1 O-O 21. Bf1 a5 22.
b5 cxb5 23. Bxb5 Rfc8 24. Ba4 Nf8 25. Bb3 Ra7 26. Rb1 Bc5 27. Bd2 Ne6 28. Kg2
g6 29. Bd5 Kg7 30. Rb2 Ng5 31. Bxg5 Qxg5 32. Rdb1 Qf6 33. Rb7 Rc7 34. Rb8 Qxf3+
35. Kxf3 Kf6 36. Rh8 Kg5 37. Rbb8 Ba3 38. c4 Bc1 39. Rbg8 Ra6 40. Rh5+ Kf6 41.
Rxh4 Rc5 42. Rh7 Rxd5 43. cxd5 g5 44. Rc8 1-0

[Event "23rd ETCC Open 2021"]
[Site "Catez"]
[Date "2021.11.21"]
[Round "9.65"]
[White "Kanyamarala, Tarun"]
[Black "Mehmeti, Dritan"]
[Result "0-1"]
[ECO "D35"]
[WhiteElo "2321"]
[BlackElo "2391"]
[Annotator "NA"]
[PlyCount "98"]
[EventDate "2021.11.08"]
[EventType "team-tourn"]
[EventCountry "SLO"]
[SourceTitle "playchess.com"]
[Source "ChessBase"]
[SourceQuality "1"]
[WhiteTeam "Ireland"]
[BlackTeam "Albania"]
[WhiteTeamCountry "IRL"]
[BlackTeamCountry "ALB"]
[TimeControl "40/5400+30:1800+30"]

1. d4 Nf6 2. c4 e6 3. Nc3 d5 4. cxd5 exd5 5. Bg5 Be7 6. e3 O-O 7. Bd3 Re8 8. h3
Nbd7 9. Nf3 Nf8 10. Qc2 h6 11. Bf4 Ne6 12. Be5 c5 13. dxc5 Nxc5 14. O-O a6 15.
Rfd1 Be6 16. Rac1 Rc8 17. Qe2 Qa5 18. Bb1 Nce4 19. Nd2 Nxc3 20. Bxc3 Qa4 21.
Bc2 Qh4 22. Qf1 b5 23. g4 Nxg4 24. hxg4 Qxg4+ 25. Qg2 b4 26. Ba4 bxc3 27. Bxe8
cxd2 28. Qxg4 dxc1=Q 29. Bxf7+ Kxf7 30. Qh5+ g6 31. Qf3+ Bf6 32. Rxc1 Rxc1+ 33.
Kg2 Rc4 34. b3 Rg4+ 35. Kf1 h5 36. Qe2 h4 37. Qxa6 h3 38. Qb7+ Be7 39. Qc7 d4
40. exd4 Rxd4 41. Ke2 Rh4 42. Qh2 g5 43. Kd3 Rf4 44. Qg3 Kf6 45. Ke2 Bd6 46.
Kf1 Be5 47. a4 Bd4 48. Qd3 h2 49. Qh7 Rh4 0-1

[Event "23rd ETCC Open 2021"]
[Site "Catez"]
[Date "2021.11.21"]
[Round "9.66"]
[White "Pasko, Llambi"]
[Black "Jessel, Stephen"]
[Result "1/2-1/2"]
[ECO "A40"]
[WhiteElo "2417"]
[BlackElo "2297"]
[Annotator "NA"]
[PlyCount "111"]
[EventDate "2021.11.08"]
[EventType "team-tourn"]
[EventCountry "SLO"]
[SourceTitle "playchess.com"]
[Source "ChessBase"]
[SourceQuality "1"]
[WhiteTeam "Albania"]
[BlackTeam "Ireland"]
[WhiteTeamCountry "ALB"]
[BlackTeamCountry "IRL"]
[TimeControl "40/5400+30:1800+30"]

1. d4 e6 2. c4 b6 3. e4 Bb7 4. Nc3 Bb4 5. Qc2 Qh4 6. Bd3 Bxc3+ 7. bxc3 f5 8. g3
Qh5 9. f3 Ne7 10. Ba3 Nbc6 11. O-O-O fxe4 12. fxe4 d6 13. Rf1 O-O-O 14. Nf3
Rhf8 15. Be2 Na5 16. Kb1 Qg6 17. Nd2 c5 18. d5 Kb8 19. Nb3 Nxb3 20. axb3 Bc8
21. b4 e5 22. bxc5 dxc5 23. g4 Qd6 24. Bc1 Ng6 25. Bg5 Rde8 26. Qd2 Nf4 27.
Bxf4 exf4 28. Bf3 Qe5 29. Qd3 Rf6 30. Rf2 Re7 31. Ra2 Bd7 32. Rd1 Rd6 33. Ka1
Be8 34. h4 Bd7 35. g5 Bc8 36. Rb1 Rd8 37. Rf1 Rf7 38. g6 hxg6 39. Rg1 Qd6 40.
Rg5 Re8 41. h5 Rf6 42. hxg6 Re5 43. Rxe5 Qxe5 44. Rh2 Rxg6 45. Rh5 Rg5 46. Rxg5
Qxg5 47. d6 Be6 48. e5 Qxe5 49. d7 Bxd7 50. Qxd7 Qxc3+ 51. Kb1 Qb3+ 52. Ka1
Qa3+ 53. Kb1 Qxf3 54. Qd8+ Kb7 55. Qd7+ Ka6 56. Qb5+ 1/2-1/2

[Event "23rd ETCC Open 2021"]
[Site "Catez"]
[Date "2021.11.21"]
[Round "9.67"]
[White "Nemeth, Zalan"]
[Black "Ashiku, Franc"]
[Result "0-1"]
[ECO "A16"]
[WhiteElo "2163"]
[BlackElo "2419"]
[Annotator "NA"]
[PlyCount "66"]
[EventDate "2021.11.08"]
[EventType "team-tourn"]
[EventCountry "SLO"]
[SourceTitle "playchess.com"]
[Source "ChessBase"]
[SourceQuality "1"]
[WhiteTeam "Ireland"]
[BlackTeam "Albania"]
[WhiteTeamCountry "IRL"]
[BlackTeamCountry "ALB"]
[TimeControl "40/5400+30:1800+30"]

1. c4 Nf6 2. g3 g6 3. Bg2 Bg7 4. Nc3 O-O 5. d3 e5 6. Rb1 a5 7. a3 d6 8. b4 axb4
9. axb4 c6 10. e4 Be6 11. Nge2 d5 12. exd5 cxd5 13. cxd5 Nxd5 14. O-O Nc6 15.
b5 Nce7 16. Ne4 Qb6 17. Nd2 Nf5 18. Nc4 Qc7 19. Bb2 Rfd8 20. Rc1 Qb8 21. Ra1
Qc7 22. Qb1 Nd4 23. Re1 Qc5 24. Rxa8 Rxa8 25. Nc3 Nxc3 26. Bxc3 e4 27. Bxe4
Ne2+ 28. Rxe2 Bxc3 29. Ra2 Re8 30. Rc2 Bd4 31. Na5 Qh5 32. Bxb7 Bh3 33. Be4
Rxe4 0-1

[Event "23rd ETCC Open 2021"]
[Site "Catez"]
[Date "2021.11.21"]
[Round "9.68"]
[White "Seitaj, Ilir"]
[Black "Kanyamarala, Trisha"]
[Result "0-1"]
[ECO "B22"]
[WhiteElo "2351"]
[BlackElo "2089"]
[Annotator "NA"]
[PlyCount "160"]
[EventDate "2021.11.08"]
[EventType "team-tourn"]
[EventCountry "SLO"]
[SourceTitle "playchess.com"]
[Source "ChessBase"]
[SourceQuality "1"]
[WhiteTeam "Albania"]
[BlackTeam "Ireland"]
[WhiteTeamCountry "ALB"]
[BlackTeamCountry "IRL"]
[TimeControl "40/5400+30:1800+30"]

1. e4 c5 2. c3 Nf6 3. e5 Nd5 4. g3 d6 5. d4 cxd4 6. exd6 Qxd6 7. Bg2 Nc6 8. Ne2
Bg4 9. f3 Bf5 10. Nxd4 Nxd4 11. Qxd4 e5 12. Qa4+ Bd7 13. Qb3 Nb6 14. a4 Qc5 15.
Qc2 Nd5 16. Qe2 Be7 17. Nd2 Ne3 18. Ne4 Nxg2+ 19. Qxg2 Qc8 20. Be3 f5 21. Nd2
O-O 22. Qe2 Be6 23. Qb5 Qc7 24. f4 Bd6 25. Rf1 Rfe8 26. O-O-O e4 27. Rfe1 b6
28. Kc2 Rf8 29. Bd4 Rac8 30. b3 Qf7 31. Kb2 Rfd8 32. Be3 Bc5 33. Bxc5 bxc5 34.
Nf1 Qc7 35. Qa6 Bf7 36. Ne3 Rb8 37. c4 Rxd1 38. Rxd1 Rb6 39. Qxb6 axb6 40. Nxf5
h6 41. h4 e3 42. Nxe3 Qe7 43. Nd5 Qe2+ 44. Kc1 Bxd5 45. cxd5 Kf8 46. d6 Ke8 47.
d7+ Kd8 48. Rd6 Qe3+ 49. Kc2 Qxg3 50. Rxb6 Kxd7 51. a5 Qf2+ 52. Kd3 Qd4+ 53.
Kc2 Kc7 54. h5 Qxf4 55. Rg6 Qe4+ 56. Kc3 Qb4+ 57. Kc2 Qxa5 58. Rxg7+ Kc6 59.
Rg6+ Kb5 60. Rxh6 Kb4 61. Rg6 Qa2+ 62. Kd3 Qxb3+ 63. Ke4 Qf7 64. Rb6+ Kc3 65.
h6 c4 66. Ke5 Kd2 67. Rd6+ Kc2 68. Rf6 Qh5+ 69. Ke6 c3 70. Ke7 Kb2 71. Rb6+ Ka3
72. Rc6 Kb4 73. Rb6+ Kc5 74. Ra6 Qh4+ 75. Kd7 Qh3+ 76. Kc7 Qh2+ 77. Kd7 c2 78.
Rc6+ Kb5 79. Rc8 Qxh6 80. Rxc2 Qh7+ 0-1

[Event "23rd ETCC Open 2021"]
[Site "Catez"]
[Date "2021.11.21"]
[Round "9.69"]
[White "Agopov, Mikael"]
[Black "Tate, Alan"]
[Result "1-0"]
[ECO "C65"]
[WhiteElo "2430"]
[BlackElo "2342"]
[Annotator "NA"]
[PlyCount "83"]
[EventDate "2021.11.08"]
[EventType "team-tourn"]
[EventCountry "SLO"]
[SourceTitle "playchess.com"]
[Source "ChessBase"]
[SourceQuality "1"]
[WhiteTeam "Finland"]
[BlackTeam "Scotland"]
[WhiteTeamCountry "FIN"]
[BlackTeamCountry "SCO"]
[TimeControl "40/5400+30:1800+30"]

1. e4 e5 2. Nf3 Nc6 3. Bb5 Nf6 4. d3 Bc5 5. Bxc6 dxc6 6. Nbd2 O-O 7. Nc4 Nd7 8.
Be3 Bxe3 9. Nxe3 Re8 10. O-O Nf8 11. Kh1 a5 12. a4 c5 13. g3 Ra6 14. Qe1 Rf6
15. Nd2 Rh6 16. f3 b6 17. Ndc4 Bb7 18. Rf2 Rg6 19. Qd2 h6 20. Raf1 Nh7 21. b3
Ng5 22. Nf5 Nh3 23. Rg2 Rf6 24. Nce3 h5 25. Re2 g6 26. Nh4 Kh7 27. Ree1 Rfe6
28. Nhg2 R6e7 29. Qd1 Rd7 30. Qe2 Ng5 31. h4 Ne6 32. Kh2 Kg8 33. Qf2 Ng7 34. f4
exf4 35. Nxf4 Rf8 36. Re2 Ba8 37. g4 hxg4 38. Nxg4 Kh7 39. e5 Rd4 40. Nf6+ Kh8
41. Qg3 Nf5 42. Qg5 1-0

[Event "23rd ETCC Open 2021"]
[Site "Catez"]
[Date "2021.11.21"]
[Round "9.70"]
[White "Bremner, Adam"]
[Black "Nyysti, Sampsa"]
[Result "0-1"]
[ECO "B23"]
[WhiteElo "2204"]
[BlackElo "2325"]
[Annotator "NA"]
[PlyCount "82"]
[EventDate "2021.11.08"]
[EventType "team-tourn"]
[EventCountry "SLO"]
[SourceTitle "playchess.com"]
[Source "ChessBase"]
[SourceQuality "1"]
[WhiteTeam "Scotland"]
[BlackTeam "Finland"]
[WhiteTeamCountry "SCO"]
[BlackTeamCountry "FIN"]
[TimeControl "40/5400+30:1800+30"]

1. e4 c5 2. Nc3 e6 3. Nge2 a6 4. g3 b5 5. Bg2 Bb7 6. O-O Nc6 7. f4 Qb6 8. d3 h5
9. h3 Nge7 10. f5 exf5 11. Nd5 Nxd5 12. exd5 Ne7 13. c4 g6 14. Bg5 f6 15. Be3
bxc4 16. dxc4 Bh6 17. Nf4 Kf7 18. b4 Rae8 19. bxc5 Qd8 20. Rb1 Ba8 21. Rb6 Nc8
22. Rxa6 Rxe3 23. Rxa8 Qc7 24. d6 Qxc5 25. Qd5+ Qxd5 26. Bxd5+ Kg7 27. c5 Rxg3+
28. Kh2 Rc3 29. c6 Bxf4+ 30. Rxf4 dxc6 31. Bxc6 Rxc6 32. d7 Rd8 33. dxc8=Q
Rdxc8 34. Ra7+ R8c7 35. Ra8 Rc2+ 36. Kg1 R7c3 37. h4 Rg3+ 38. Kh1 Rg4 39. Rxg4
hxg4 40. a4 Ra2 41. a5 f4 0-1

[Event "23rd ETCC Open 2021"]
[Site "Catez"]
[Date "2021.11.21"]
[Round "9.71"]
[White "Ronka, Erik"]
[Black "Muir, Andrew J"]
[Result "1-0"]
[ECO "B65"]
[WhiteElo "2321"]
[BlackElo "2254"]
[Annotator "NA"]
[PlyCount "83"]
[EventDate "2021.11.08"]
[EventType "team-tourn"]
[EventCountry "SLO"]
[SourceTitle "playchess.com"]
[Source "ChessBase"]
[SourceQuality "1"]
[WhiteTeam "Finland"]
[BlackTeam "Scotland"]
[WhiteTeamCountry "FIN"]
[BlackTeamCountry "SCO"]
[TimeControl "40/5400+30:1800+30"]

1. e4 c5 2. Nf3 Nc6 3. d4 cxd4 4. Nxd4 Nf6 5. Nc3 d6 6. Bg5 e6 7. Qd2 Be7 8.
O-O-O O-O 9. f4 h6 10. Bh4 Nxd4 11. Qxd4 Qa5 12. Bc4 e5 13. fxe5 dxe5 14. Qd3
Be6 15. Bxe6 fxe6 16. Qh3 Qb6 17. Bg3 Bb4 18. Bxe5 Bxc3 19. Bxc3 Nxe4 20. Bd4
Qc6 21. Rhe1 Rae8 22. Qe3 Nf6 23. Re2 Nd5 24. Qe5 Rf7 25. g3 a6 26. b3 b5 27.
Bb2 Ree7 28. Rde1 b4 29. Qe4 a5 30. a4 Re8 31. Bd4 Rfe7 32. Qd3 Qd7 33. Kb2 Rc8
34. Be5 Rc6 35. Qb5 Nc3 36. Bxc3 bxc3+ 37. Ka2 Qc7 38. Re5 Rd7 39. Rxe6 Rxe6
40. Rxe6 Rd2 41. Qe8+ Kh7 42. Qg6+ 1-0

[Event "23rd ETCC Open 2021"]
[Site "Catez"]
[Date "2021.11.21"]
[Round "9.72"]
[White "Gordon, Frederick"]
[Black "Kokkila, Tero"]
[Result "1-0"]
[ECO "C11"]
[WhiteElo "1739"]
[BlackElo "2283"]
[Annotator "NA"]
[PlyCount "123"]
[EventDate "2021.11.08"]
[EventType "team-tourn"]
[EventCountry "SLO"]
[SourceTitle "playchess.com"]
[Source "ChessBase"]
[SourceQuality "1"]
[WhiteTeam "Scotland"]
[BlackTeam "Finland"]
[WhiteTeamCountry "SCO"]
[BlackTeamCountry "FIN"]
[TimeControl "40/5400+30:1800+30"]

1. e4 e6 2. Nf3 d5 3. Nc3 Nf6 4. e5 Nfd7 5. d4 c5 6. dxc5 Nc6 7. Bf4 Be7 8. Be2
Nxc5 9. a3 O-O 10. Qd2 a6 11. O-O f5 12. exf6 Bxf6 13. Bg5 d4 14. Bxf6 Qxf6 15.
Na2 e5 16. b4 Ne4 17. Bc4+ Kh8 18. Qe2 Nd6 19. Nd2 Nxc4 20. Nxc4 Be6 21. Nd2
Rac8 22. Nc1 Ne7 23. Ne4 Qg6 24. Nd3 Bd5 25. Rae1 Nc6 26. f3 Rce8 27. Qf2 h6
28. Qg3 Qxg3 29. hxg3 Re7 30. Rf2 Rc8 31. Rfe2 a5 32. Nd6 Rd8 33. Nf5 Rf7 34.
g4 axb4 35. axb4 e4 36. fxe4 Bc4 37. e5 Rff8 38. Nd6 Bxd3 39. cxd3 Nxb4 40.
Nxb7 Rd7 41. Nc5 Rd5 42. Ne6 Rf7 43. Rb1 Nxd3 44. Rb8+ Kh7 45. Nf8+ Rxf8 46.
Rxf8 Rxe5 47. Rd2 Nc5 48. Rxd4 Re4 49. Rxe4 Nxe4 50. Rf4 Nf6 51. Kf2 Kg6 52.
Ra4 Kf7 53. Ra7+ Kf8 54. Kf3 g5 55. g3 Kg8 56. Ke3 Kf8 57. Kd4 Nxg4 58. Ke4 Ke8
59. Kf5 Ne3+ 60. Kg6 Nf1 61. g4 Ne3 62. Ra4 1-0

[Event "23rd ETCC Open 2021"]
[Site "Catez"]
[Date "2021.11.21"]
[Round "9.73"]
[White "Dardha, Daniel"]
[Black "Toczek, Grzegorz"]
[Result "1-0"]
[ECO "A61"]
[WhiteElo "2525"]
[BlackElo "2296"]
[Annotator "ChessBase"]
[PlyCount "73"]
[EventDate "2021.11.08"]
[EventType "team-tourn"]
[EventCountry "SLO"]
[SourceTitle "playchess.com"]
[Source "ChessBase"]
[SourceQuality "1"]
[WhiteTeam "Belgium"]
[BlackTeam "Wales"]
[WhiteTeamCountry "BEL"]
[BlackTeamCountry "WLS"]
[TimeControl "40/5400+30:1800+30"]

1. d4 Nf6 2. c4 c5 3. d5 e6 4. Nc3 exd5 5. cxd5 d6 6. Nf3 g6 7. Bf4 a6 8. a4
Bg7 9. h3 O-O 10. e3 Re8 11. Nd2 Nbd7 12. Be2 Ne5 13. Bh2 g5 14. Qc2 Nfd7 15.
O-O Nf8 16. f4 Neg6 17. f5 Ne5 18. Nce4 Bf6 19. Nxf6+ Qxf6 20. Ne4 Qd8 21. f6
h6 22. Qc3 Rb8 23. Kh1 b5 24. axb5 axb5 25. b4 Nc4 26. Nxd6 Rxe3 27. Nxf7 Qxd5
28. Bxc4 Qxg2+ 29. Kxg2 Bxh3+ 30. Kg1 Rxc3 31. Ra7 Bxf1 32. Bxf1 Rb6 33. Be5
Rf3 34. Nxh6+ Kh8 35. Bg2 Rfxf6 36. Ng4 Nh7 37. Be4 1-0

[Event "23rd ETCC Open 2021"]
[Site "Catez"]
[Date "2021.11.21"]
[Round "9.74"]
[White "Pleasants, Allan J"]
[Black "Docx, Stefan"]
[Result "0-1"]
[ECO "E69"]
[WhiteElo "2001"]
[BlackElo "2432"]
[Annotator "NA"]
[PlyCount "60"]
[EventDate "2021.11.08"]
[EventType "team-tourn"]
[EventCountry "SLO"]
[SourceTitle "playchess.com"]
[Source "ChessBase"]
[SourceQuality "1"]
[WhiteTeam "Wales"]
[BlackTeam "Belgium"]
[WhiteTeamCountry "WLS"]
[BlackTeamCountry "BEL"]
[TimeControl "40/5400+30:1800+30"]

1. Nf3 g6 2. g3 Bg7 3. d4 d6 4. Bg2 Nd7 5. O-O e5 6. e4 Ngf6 7. Re1 O-O 8. h3
Re8 9. c4 c6 10. Nc3 a5 11. dxe5 dxe5 12. Be3 a4 13. b4 axb3 14. axb3 Rxa1 15.
Qxa1 Qe7 16. Rb1 Nc5 17. Ne1 Rd8 18. b4 Ne6 19. Bb6 Re8 20. Nd3 Nd7 21. Be3 Nd4
22. Qa5 Qe6 23. Nb2 Bf8 24. b5 Nc5 25. Nca4 cxb5 26. Nxc5 Bxc5 27. cxb5 Qb3 28.
Bxd4 Bxd4 29. Qa4 Qc3 30. Nd1 Qe1+ 0-1

[Event "23rd ETCC Open 2021"]
[Site "Catez"]
[Date "2021.11.21"]
[Round "9.75"]
[White "Beukema, Stefan"]
[Black "Garcia, Jason"]
[Result "1-0"]
[ECO "B81"]
[WhiteElo "2408"]
[BlackElo "2028"]
[Annotator "NA"]
[PlyCount "73"]
[EventDate "2021.11.08"]
[EventType "team-tourn"]
[EventCountry "SLO"]
[SourceTitle "playchess.com"]
[Source "ChessBase"]
[SourceQuality "1"]
[WhiteTeam "Belgium"]
[BlackTeam "Wales"]
[WhiteTeamCountry "BEL"]
[BlackTeamCountry "WLS"]
[TimeControl "40/5400+30:1800+30"]

1. e4 c5 2. Nf3 d6 3. d4 cxd4 4. Nxd4 Nf6 5. Nc3 a6 6. h3 e6 7. g4 b5 8. Bg2
Bb7 9. a3 Nfd7 10. Be3 Nb6 11. b3 N8d7 12. Qd2 Rc8 13. Nde2 Be7 14. O-O O-O 15.
Rad1 Qc7 16. g5 Rfd8 17. f4 Nf8 18. f5 d5 19. Qd4 e5 20. Qxb6 d4 21. Qxc7 Rxc7
22. f6 Bxa3 23. Bf2 Rdc8 24. Nd5 Bxd5 25. exd5 Rxc2 26. Ng3 gxf6 27. gxf6 Ng6
28. Nf5 Kf8 29. Bg3 R8c3 30. Rf3 Rb2 31. d6 Ke8 32. d7+ Kd8 33. Nxd4 Bc5 34.
Rxc3 Bxd4+ 35. Rxd4 exd4 36. Rd3 Kxd7 37. Bd5 1-0

[Event "23rd ETCC Open 2021"]
[Site "Catez"]
[Date "2021.11.21"]
[Round "9.76"]
[White "Davis, Lee"]
[Black "Hovhannisyan, Mher"]
[Result "0-1"]
[ECO "A46"]
[WhiteElo "1972"]
[BlackElo "2419"]
[Annotator "NA"]
[PlyCount "108"]
[EventDate "2021.11.08"]
[EventType "team-tourn"]
[EventCountry "SLO"]
[SourceTitle "playchess.com"]
[Source "ChessBase"]
[SourceQuality "1"]
[WhiteTeam "Wales"]
[BlackTeam "Belgium"]
[WhiteTeamCountry "WLS"]
[BlackTeamCountry "BEL"]
[TimeControl "40/5400+30:1800+30"]

1. d4 d5 2. Nf3 Nf6 3. g3 e6 4. Bg2 b5 5. Ne5 Bb7 6. c4 bxc4 7. Nxc4 Nc6 8. Qa4
Nd7 9. Na5 Nxa5 10. Qxa5 c5 11. Qb5 Qb6 12. Nc3 cxd4 13. Qxb6 axb6 14. Nb5 Bb4+
15. Bd2 Bxd2+ 16. Kxd2 Ke7 17. Nxd4 Ra4 18. e3 Rha8 19. a3 Nc5 20. b4 Nd7 21.
Nc2 Ne5 22. Rhc1 Nc4+ 23. Kc3 b5 24. Kb3 e5 25. Rd1 Ke6 26. f4 f5 27. fxe5 Kxe5
28. Rd4 Nxe3 29. Re1 Rxa3+ 30. Nxa3 Kxd4 31. Nxb5+ Kd3 32. Bf1+ Nxf1 33. Rxf1
g6 34. Nd6 Rb8 35. b5 d4 36. Rd1+ Ke3 37. Kc4 Bf3 38. Rd3+ Kf2 39. Rxd4 Kg2 40.
Rd2+ Kh3 41. Nf7 Bg2 42. Ng5+ Kxh2 43. Nxh7 Kxg3 44. Rd6 Rg8 45. Nf6 Rc8+ 46.
Kd4 g5 47. b6 f4 48. Ne4+ Bxe4 49. Kxe4 Re8+ 50. Kd5 f3 51. Rg6 g4 52. Rf6 f2
53. b7 Kg2 54. Re6 Rb8 0-1